 Dungeon Crawl Stone Soup version 0.20.0-8-g6b59dc7 (webtiles) character file.

2785 maniacrov the Spear-Bearer (level 9, -6/78 HPs)
             Began as a Hill Orc Fighter on June 1, 2017.
             Was a Believer of the Shining One.
             Mangled by an orc warrior
             ... wielding a +0 battleaxe
              (8 damage)
             ... on level 8 of the Dungeon.
             The game lasted 00:35:08 (4505 turns).

maniacrov the Spear-Bearer (Hill Orc Fighter)       Turns: 4505, Time: 00:35:08

Health: -6/78      AC:  9    Str: 21    XL:     9   Next: 70%
Magic:  9/9        EV:  9    Int:  8    God:    the Shining One [**....]
Gold:   251        SH: 11    Dex: 11    Spells: 8/8 levels left

rFire    + . .     SeeInvis .   a - +2 trident
rCold    x . .     Gourm    .   c - +0 shield
rNeg     + . .     Faith    .   b - +1 scale mail
rPois    .         Spirit   .   (no helmet)
rElec    .         Reflect  .   (no cloak)
rCorr    .         Harm     .   l - +0 pair of gloves
MR       .....                  (no boots)
Stlth    ..........             (no amulet)
Regen    0.3/turn               j - ring of fire
MPRegen  0.2/turn               h - ring of flight

@: glowing
A: no striking features
a: Divine Shield, Renounce Religion, Convert to Beogh, Evoke Flight


You were on level 8 of the Dungeon.
You worshipped the Shining One.
The Shining One was pleased with you.
You were full.

You visited 1 branch of the dungeon, and saw 8 of its levels.

You collected 251 gold pieces.

Inventory:

Hand Weapons
 a - a +2 trident (weapon)
Armour
 b - a +1 scale mail (worn)
 c - a +0 shield (worn)
 l - a +0 pair of gloves (worn)
Jewellery
 h - a ring of flight (right hand)
 j - a ring of fire (left hand)
 r - an uncursed amulet of harm {unknown}
 y - an uncursed ring of resist corrosion {unknown}
Wands
 f - a wand of disintegration (1/24)
 n - a wand of scattershot (6/9)
Scrolls
 d - a scroll of enchant armour
 e - a scroll of recharging {unknown}
 m - 3 scrolls of teleportation
 s - 2 scrolls of fog
 t - 4 scrolls of remove curse
Potions
 k - a potion of invisibility
 o - a potion of berserk rage {unknown}
 u - a potion of heal wounds
 w - 2 potions of degeneration {unknown}
 x - a potion of might
Comestibles
 g - 3 fruits
 i - 2 royal jellies
 v - 2 meat rations


   Skills:
 + Level 6.6 Fighting
 + Level 9.4 Polearms
 + Level 6.3 Armour
 + Level 2.9 Dodging
 + Level 1.0 Stealth
 + Level 7.4 Shields


You had 8 spell levels left.
You didn't know any spells.

Dungeon Overview and Level Annotations

Branches:
Dungeon (8/15)             Temple (0/1) D:5
   Lair: D:8-11

Altars:
Dithmenos
Fedhas
Kikubaaqudgha
Qazlal
Sif Muna
Uskayaw
The Shining One

Shops:
D:7 (


Message History

The orc warrior is lightly wounded.
You hit the orc warrior.
The orc warrior is moderately wounded.
The orc warrior hits you with a battleaxe!
* * * LOW HITPOINT WARNING * * *
You hit the orc warrior.
The orc warrior is heavily wounded.
The orc barely misses you. The orc warrior misses you.
You barely miss the orc warrior.
The orc warrior is heavily wounded.
The orc priest shouts, "Join the one true god or die!"
The orc barely misses you.
You hit the orc warrior but do no damage.
The orc warrior is heavily wounded.
You block the orc warrior's attack. The orc barely misses you.
You hit the orc warrior.
The orc warrior is severely wounded.
You block the orc's attack.
The orc warrior hits you with a battleaxe!
You die...

#.....#......##...#
#..... #.....##.(.#
#.....##.....##)..#
#.................#
#.(...............#
#.................#
#.......(........#
#..).Oooo........#
.......##@....##...#
....... ########...#
....... #####
....... ......O
....... #######


You could see an orc warrior, an ogre, an orc priest and an orc.

Vanquished Creatures
  Pikel (D:5)
  Psyche (D:8)
  Sigmund (D:6)
  A phantom (D:8)
  3 ogres
  2 centaurs
  2 big kobolds
  5 bullfrogs
  2 howler monkeys (D:8)
  3 crimson imps
  A bullfrog zombie (D:8)
  2 hounds (D:8)
  A jelly (D:8)
  3 orc priests (D:7)
  2 centaur skeletons
  2 bullfrog skeletons
  5 orc wizards
  3 worker ants
  2 hound zombies
  A hound skeleton (D:7)
  A howler monkey zombie (D:7)
  A worker ant zombie (D:5)
  3 gnolls (D:5)
  8 adders
  A shadow imp (D:5)
  A leopard gecko (D:4)
  16 orcs
  A bat (D:1)
  5 giant cockroaches
  5 hobgoblins
  7 jackals
  3 quokkas
  7 frilled lizards
  6 goblins
  A jackal skeleton (D:8)
  A jackal zombie (D:6)
  10 kobolds
  4 rats
124 creatures vanquished.

Vanquished Creatures (others)
  A crimson imp (D:5)
1 creature vanquished.

Grand Total: 125 creatures vanquished

Notes
Turn   | Place    | Note
-------+----------+-------------------------------------------
     0 | D:1      | maniacrov the Hill Orc Fighter began the quest for the Orb.
     0 | D:1      | Reached XP level 1. HP: 19/19 MP: 1/1
   395 | D:2      | Reached XP level 2. HP: 27/27 MP: 2/2
   884 | D:2      | Found a glowing golden altar of the Shining One.
   884 | D:2      | Found an ancient bone altar of Kikubaaqudgha.
   884 | D:2      | Found a shadowy altar of Dithmenos.
   915 | D:2      | Became a worshipper of the Shining One
  1001 | D:2      | Reached XP level 3. HP: 20/33 MP: 3/3
  1152 | D:3      | Reached skill level 3 in Polearms
  1418 | D:3      | Reached XP level 4. HP: 40/40 MP: 4/4
  1709 | D:4      | Noticed an ogre
  1718 | D:4      | Killed an ogre
  1718 | D:4      | Reached XP level 5. HP: 29/46 MP: 5/5
  1924 | D:4      | Reached skill level 4 in Polearms
  1924 | D:4      | Reached skill level 5 in Shields
  1924 | D:4      | Reached XP level 6. HP: 52/52 MP: 6/6
  1964 | D:4      | Found a deep blue altar of Sif Muna.
  2067 | D:4      | Found a blossoming altar of Fedhas.
  2222 | D:5      | Entered Level 5 of the Dungeon
  2893 | D:5      | Reached * piety under the Shining One
  2898 | D:5      | Reached skill level 1 in Dodging
  2903 | D:5      | Noticed Pikel
  2903 | D:5      | Noticed a slave
  2903 | D:5      | Noticed a slave
  2908 | D:5      | Noticed a slave
  2920 | D:5      | Killed Pikel
  2920 | D:5      | Reached skill level 5 in Fighting
  2920 | D:5      | Reached skill level 6 in Polearms
  2920 | D:5      | Reached skill level 5 in Armour
  2920 | D:5      | Reached XP level 7. HP: 38/61 MP: 7/7
  2920 | D:5      | Reached XP level 8. HP: 42/68 MP: 8/8
  3132 | D:5      | Found a staircase to the Ecumenical Temple.
  3248 | D:6      | Noticed Sigmund
  3262 | D:6      | Killed Sigmund
  3266 | D:6      | Noticed a dagger
  3266 | D:6      | Noticed a dagger
  3289 | D:6      | Found a hide-covered altar of Uskayaw.
  3378 | D:6      | Reached skill level 7 in Polearms
  3378 | D:6      | Reached skill level 1 in Stealth
  3504 | D:5      | You fall through a shaft for 2 floors!
  3504 | D:7      | Found Dyfanulo's Weapon Shop.
  3582 | D:7      | Found a blossoming altar of Fedhas.
  3584 | D:7      | Found a stormy altar of Qazlal.
  3805 | D:7      | Reached skill level 8 in Polearms
  3846 | D:7      | Reached XP level 9. HP: 34/75 MP: 9/9
  3995 | D:7      | Reached ** piety under the Shining One
  4287 | D:8      | Noticed Psyche
  4313 | D:8      | Killed Psyche
  4313 | D:8      | Reached skill level 9 in Polearms
  4501 | D:8      | HP: 1/78 [orc warrior/battleaxe (8)]
  4505 | D:8      | Mangled by an orc warrior

Skill      XL: |  1  2  3  4  5  6  7  8  9 |
---------------+----------------------------+-----
Shields        | 4 5 6 7 |  7.4
Polearms       | 3 4 6 8 9 |  9.4
Fighting       | 4 5 6 |  6.6
Armour         | 4 5 6 |  6.3
Dodging        | 1 2 |  2.9
Stealth        | 1 |  1.0

Action                   |  1- 3 |  4- 6 |  7- 9 || total
-------------------------+-------+-------+-------++-------
Melee: Trident           |   182 |   117 |   278 ||   577
  Use: Scroll            |     8 |     5 |     3 ||    16
       Potion            |     1 |     2 |     3 ||     6
  Eat: Bread ration      |     1 |       |     2 ||     3
       Royal jelly       |       |     1 |     1 ||     2
Armor: Scale mail        |    97 |    46 |   120 ||   263
Dodge: Dodged            |    62 |    18 |   117 ||   197
Block: Shield            |   109 |    52 |   147 ||   308
